 Dungeon Crawl Stone Soup version 0.32-a0-485-g70f7560b1c (webtiles) character file.

Game seed: 16254372372920040443

123 dialectric the Chopper (level 5, 0/42 HPs)
             Began as a Coglin Berserker on Feb 26, 2024.
             Was a Believer of Trog.
             Slain by Natasha (2 damage)
             ... on level 2 of the Dungeon.
             The game lasted 00:01:10 (1644 turns).

dialectric the Chopper (Coglin Berserker)           Turns: 1644, Time: 00:01:11

Health: 0/42       AC:  2    Str: 19    XL:     5   Next: 7%
Magic:  5/5        EV: 12    Int:  6    God:    Trog [**....]
Gold:   88         SH:  0    Dex: 14    Spells: 4/4 levels left

rFire   . . .        a - +0 hand axe {Francisca}
rCold   . . .        c - +0 dagger {Rubén}
rNeg    . . .        b - +0 animal skin
rPois   .            (no helmet)
rElec   .            (no cloak)
rCorr   .            (no gloves)
SInv    .            (no boots)
Will    .....        (no amulet)
Stlth   +            (ring unavailable)
HPRegen 0.27/turn    (ring unavailable)
MPRegen 0.09/turn

%: no passive effects
@: revving
A: off-hand wielding, slow wielding, warmup strikes, no rings
a: Renounce Religion, Berserk, Trog's Hand


You were on level 2 of the Dungeon.
You worshipped Trog.
Trog was pleased with you.
You visited 1 branch of the dungeon, and saw 2 of its levels.

You collected 124 gold pieces.
You spent 36 gold pieces at shops.

Inventory:

Hand Weapons
 a - a +0 hand axe (weapon) {Francisca}
 c - a +0 dagger (offhand) {Rubén}
Armour
 b - a +0 animal skin (worn)
Scrolls
 d - 2 scrolls of teleportation
 e - a scroll of amnesia {unknown}
 h - a scroll of enchant armour {unknown}
Potions
 f - a potion of curing {unknown}
 g - a potion of enlightenment {unknown}
 i - a potion of degeneration {unknown}
 j - a potion of attraction {unknown}


   Skills:
 + Level 3.7 Fighting
 + Level 3.7 Axes
 + Level 2.7 Armour
 + Level 2.7 Dodging


You had 4 spell levels left.
You didn't know any spells.
Your spell library was empty.

Dungeon Overview and Level Annotations

Branches:
Dungeon (2/15)

Altars:

Shops:
D:1 ?

Annotations:
D:2 Natasha


Innate Abilities, Weirdness & Mutations

You can wield a second weapon in your off-hand.
It takes a long time for you to wield or remove held weapons.
Your first few attacks do less damage.
Your grasper-arms cannot wear rings.


Message History

The giant cockroach is moderately wounded.
You hit the giant cockroach with your +0 dagger.
The giant cockroach bites you but does no damage.
You hit the giant cockroach with your +0 dagger.
The giant cockroach is severely wounded.
You slash the giant cockroach with your +0 hand axe!
You kill the giant cockroach!
Trog accepts your kill.
No target in view!
No target in view!
No target in view!
No target in view!
No target in view!
You open the large door.
There is a large open door here.
Natasha, Servant of Life and Death comes into view.
She is carrying a wand of flame.
Natasha hisses angrily.
Natasha zaps a wand.
The puff of flame hits you.
Natasha is nearby!
Natasha zaps a wand.
The puff of flame hits you!
Natasha is nearby!
Natasha howls an incantation.
Natasha's front paws start to glow.
Natasha zaps a wand.
The puff of flame hits you!
You fail to use your ability.
Natasha zaps a wand.
The puff of flame hits you!
* * * LOW HITPOINT WARNING * * *
You hit Natasha but do no damage. You hit Natasha with your +0 hand axe.
Natasha casts a spell at you. You resist with some effort.
You barely miss Natasha with your +0 dagger.
Natasha is moderately wounded.
You hit Natasha with your +0 hand axe. Natasha casts a spell at you.
The magic dart hits you!
* * * LOW HITPOINT WARNING * * *
You hit Natasha with your +0 dagger.
Natasha is heavily wounded.
You hit Natasha with your +0 hand axe. Natasha claws you.
You die...
Natasha begins licking her fur clean.

.####### #.#.#######. ## .#
#.#......... ###. .# #####
#.#.#####... ...
.###...#######.#.## # #.
..................####.# .# #.
.###...#######.......... ...####.
.####### #######.................
...# #...........#....####.#.
.#.# #......@.###............
.#.#######......h.# #............
.#..##...#........###............
.##..#...#........##......######.
.###.....#........##.............
.#####...#.......÷...............
....##...#.......÷.........###.#.
....###.######.............# #.#.
....###.######.#..###......###...


You could see Natasha.

Vanquished Creatures
  Terence (D:2)
  Natasha (twice) (D:2)
  2 dart slugs (D:1)
  6 bats
  4 endoplasms (D:1)
  2 giant cockroaches (D:2)
  A goblin (D:1)
  4 hobgoblins
  6 jackals
  A quokka (D:2)
  4 ball pythons
  3 kobolds (D:1)
  3 rats (D:1)
39 creatures vanquished.

Notes
Turn   | Place    | Note
-------+----------+-------------------------------------------
     0 | D:1      | dialectric the Coglin Berserker began the quest for the
                  | Orb.
     0 | D:1      | Reached XP level 1. HP: 18/18 MP: 1/1
   102 | D:1      | Reached XP level 2. HP: 22/24 MP: 2/2
   521 | D:1      | Reached XP level 3. HP: 29/29 MP: 3/3
   527 | D:1      | Reached ** piety under Trog
   756 | D:1      | Found Jiryriph's Magic Scroll Boutique.
   767 | D:1      | Bought a scroll of teleportation for 36 gold pieces
  1277 | D:2      | Noticed Natasha
  1282 | D:2      | Killed Natasha
  1283 | D:2      | Reached XP level 4. HP: 35/35 MP: 4/4
  1316 | D:2      | Noticed Natasha
  1323 | D:2      | Killed Natasha
  1380 | D:2      | Noticed Terence
  1389 | D:2      | Killed Terence
  1390 | D:2      | Reached XP level 5. HP: 22/42 MP: 5/5
  1637 | D:2      | Noticed Natasha
  1643 | D:2      | HP: 1/42 [Natasha/magic dart (9)]
  1644 | D:2      | Slain by Natasha

Illustrated notes

Levels and vault maps discovered:
D:1:      kennysheep_arrival_forest, layout_loops_corners, serial_shops, shop,
          minmay_pentomino_u2
D:2:      layout_basic, kennysheep_generic_room_15, uniq_natasha, uniq_terence

Skill      XL: |  1  2 |
---------------+-------+-----
Armour         | 2 |  2.7
Dodging        | 2 |  2.7
Fighting       | |  3.7
Axes           | |  3.7

Action                     |  1- 3 |  4- 6 || total
---------------------------+-------+-------++-------
  Melee: Hand axe          |    62 |    18 ||    80
         Dagger            |    45 |    17 ||    62
   Stab: Sleeping          |     2 |       ||     2
 Armour: Animal skin       |    35 |    18 ||    53
  Dodge: Dodged            |    48 |     9 ||    57

Table legend: (Time is in decaauts)
 A = Elapsed time spent in this place.
 B = Non-inter-level travel time spent in this place.
 C = Inter-level travel time spent in this place.
 D = Time resting spent in this place.
 E = Time spent auto-exploring this place.
 F = Levels seen in this place.
 G = Mean time per level.
                   A        B        C        D        E       F      G
               +--------+--------+--------+--------+--------+-----+--------+
         Total |   1669 |   1626 |     43 |      0 |   1392 |   2 |  834.5 |
       Dungeon |   1669 |   1626 |     43 |      0 |   1392 |   2 |  834.5 |
               +--------+--------+--------+--------+--------+-----+--------+

Top non-repeatable levels by time:
     D:1: 1006 daAuts
     D:2: 662 daAuts
